 Dungeon Crawl Stone Soup version 0.23-a0-139-ga22e90c45f (webtiles) character file.

798 Jesh the Covert (level 7, -10/32 HPs)
             Began as a Spriggan Enchanter on Aug 30, 2018.
             Was an Initiate of Dithmenos.
             Splashed by a goblin's acid (14 damage)
             ... led by Robin
             ... on level 4 of the Dungeon.
             The game lasted 00:17:30 (5639 turns).

Jesh the Covert (Spriggan Enchanter)                Turns: 5639, Time: 00:17:31

Health: -10/32     AC:  2    Str:  5    XL:     7   Next: 58%
Magic:  14/14      EV: 18    Int: 16    God:    Dithmenos [......]
Gold:   146        SH:  0    Dex: 16    Spells: 3/15 levels left

rFire    . . .     SeeInvis +   l - +1 dagger (venom)
rCold    + . .     Gourm    .   (shield restricted)
rNeg     . . .     Faith    .   i - +1 robe {rC+}
rPois    .         Spirit   .   (helmet restricted)
rElec    .         Reflect  .   g - +0 cloak
rCorr    .         Harm     .   (gloves unavailable)
MR       +....                  (boots unavailable)
Stlth    +++++.....             (no amulet)
HPRegen  0.10/turn              (no ring)
MPRegen  0.14/turn              (no ring)

@: corroded, very quick
A: very small, unfitting armour, slimy green scales 1, see invisible, dopey 1,
herbivore, speed 3, slow metabolism 2
a: Renounce Religion


You were on level 4 of the Dungeon.
You worshipped Dithmenos.
Dithmenos was noncommittal.
You were not hungry.

You visited 2 branches of the dungeon, and saw 5 of its levels.

You collected 146 gold pieces.

Inventory:

Hand Weapons
 a - a +1 dagger
 l - a +1 dagger of venom (weapon)
Armour
 g - a +0 cloak (worn)
 i - a +1 robe of cold resistance (worn)
Jewellery
 f - an uncursed ring of ice
Scrolls
 b - a scroll of immolation
 e - 4 scrolls of remove curse
 h - 2 scrolls of amnesia
 k - a scroll of teleportation
Potions
 c - 2 potions of curing
 j - a potion of agility
 n - a potion of might
Comestibles
 d - 6 rations


   Skills:
 - Level 1.1 Short Blades
 - Level 3.0 Dodging
 + Level 11.7 Stealth
 - Level 4.6 Spellcasting
 - Level 5.3 Hexes


You had 3 spell levels left.
You knew the following spells:

 Your Spells              Type           Power        Failure   Level  Hunger
a - Ensorcelled Hibernat  Hex/Ice        ##....       9%          2    ##.....
b - Corona                Hex            ###....      1%          1    None
c - Confuse               Hex            ###.....     5%          3    ###....
d - Tukima's Dance        Hex            ###.....     5%          3    ###....
e - Dazzling Spray        Conj/Hex       ##....       16%         3    ###....

Your spell library contained the following spells:

 Spells                   Type           Power        Failure   Level  Hunger


Dungeon Overview and Level Annotations

Branches:
Dungeon (4/15)             Temple (1/1) D:4

Altars:
Ashenzari
Cheibriados
Dithmenos
Elyvilon
Fedhas
Gozag
Hepliaklqana
Kikubaaqudgha
Makhleb
Okawaru
Qazlal
Ru
Sif Muna
Trog
Uskayaw
Vehumet
Wu Jian
Xom
Yredelemnul
Zin
The Shining One


Innate Abilities, Weirdness & Mutations

You are very small and have problems with some larger weapons.
You are too small for most types of armour.
You have supernaturally acute eyesight. (SInv)
You are a herbivore.
You cover ground extremely quickly.
You need to consume almost no food.
You are partially covered in slimy green scales. (AC +2)
You are dopey. (Int -2)


Message History

No target in view!
No target in view!
HP restored.
An orc comes into view. It is wielding a mace.
A quokka comes into view.
The helpless orc fails to defend itself.
You spit the orc like a pig!!!
You kill the orc!
Dithmenos accepts your kill.
A goblin comes into view.
The helpless quokka fails to defend itself.
You skewer the quokka like a kebab!!!
You kill the quokka!
Dithmenos accepts your kill.
The goblin shouts! x2
The goblin zaps a wand.
The bolt of acid hits you!
Ouch! That really hurt!
* * * LOW HITPOINT WARNING * * *
The acid corrodes you!
You are splashed with acid!
The acid burns!
You die...

#.......#
######### #.# #.#
#.g #.#
#..####.###.#
#.....g.....# #@#
#.# ##.# #.# #..#
#.# #.)# #.#
#..#### #.#
#.....#
..######.###.###.#
..........##.###.#
#................#


You could see 2 goblins.

Vanquished Creatures
  Grinder (D:3)
  Sigmund (D:3)
  3 iron imps (D:3)
  Natasha (twice) (D:3)
  4 worker ants (D:4)
  4 gnolls (D:2)
  4 adders
  A shadow imp (D:3)
  2 oozes
  3 worms
  2 dart slugs
  4 leopard geckos
  5 orcs (D:4)
  9 bats
  2 giant cockroaches
  13 hobgoblins
  2 jackals (D:2)
  16 kobolds
  4 quokkas
  A ball python (D:1)
  3 frilled lizards
  16 goblins
  13 rats
115 creatures vanquished.

Vanquished Creatures (collateral kills)
  Terence (D:3)
1 creature vanquished.

Vanquished Creatures (others)
  A wizard (D:4)
1 creature vanquished.

Grand Total: 117 creatures vanquished

Notes
Turn   | Place    | Note
-------+----------+-------------------------------------------
     0 | D:1      | Jesh the Spriggan Enchanter began the quest for the Orb.
     0 | D:1      | Reached XP level 1. HP: 9/9 MP: 5/5
   235 | D:1      | Reached XP level 2. HP: 7/13 MP: 5/7
   239 | D:1      | Learned a level 2 spell: Ensorcelled Hibernation
  1294 | D:2      | Gained mutation: You are dopey. (Int -2) [potion of
                  | mutation]
  1294 | D:2      | Gained mutation: You are partially covered in slimy green
                  | scales. (AC +2) [potion of mutation]
  1322 | D:2      | Reached XP level 3. HP: 16/16 MP: 1/9
  1436 | D:2      | Learned a level 3 spell: Confuse
  1440 | D:2      | Learned a level 3 spell: Tukima's Dance
  2093 | D:2      | Reached skill level 5 in Hexes
  2093 | D:2      | Reached XP level 4. HP: 21/21 MP: 11/11
  2821 | D:2      | Found a hazy altar of Hepliaklqana.
  2990 | D:3      | Noticed Grinder
  3143 | D:3      | Killed Grinder
  3143 | D:3      | Reached skill level 8 in Stealth
  3143 | D:3      | Reached XP level 5. HP: 12/24 MP: 7/12
  3143 | D:3      | Reached XP level 6. HP: 14/28 MP: 7/13
  3377 | D:3      | Noticed Terence
  3390 | D:3      | Killed Terence
  3675 | D:3      | Noticed Natasha
  3683 | D:3      | Killed Natasha
  3922 | D:3      | Found a shimmering altar of Xom.
  3973 | D:3      | You fall through a shaft!
  4009 | D:4      | Reached skill level 9 in Stealth
  4050 | D:3      | Noticed Natasha
  4061 | D:3      | Killed Natasha
  4087 | D:3      | Found a faded altar of an unknown god.
  4365 | D:3      | Noticed Sigmund
  4386 | D:3      | Killed Sigmund
  4386 | D:3      | Reached skill level 10 in Stealth
  4386 | D:3      | Reached XP level 7. HP: 32/32 MP: 11/14
  4582 | D:3      | Found a burning altar of Makhleb.
  4611 | D:3      | Reached skill level 11 in Stealth
  4721 | D:4      | Learned a level 3 spell: Dazzling Spray
  4753 | D:4      | Found a bloodstained altar of Trog.
  4754 | D:4      | Noticed a wizard
  4760 | D:4      | Killed a wizard
  4834 | D:4      | Found a blossoming altar of Fedhas.
  4834 | D:4      | Found a shattered altar of Ashenzari.
  4834 | D:4      | Found a sacrificial altar of Ru.
  4943 | D:4      | Found a staircase to the Ecumenical Temple.
  4968 | Temple   | Entered the Ecumenical Temple
  5159 | Temple   | Became a worshipper of Dithmenos the Shadowed
  5402 | D:4      | Found a glowing golden altar of the Shining One.
  5639 | D:4      | Splashed by a goblin's acid

Vault maps used:
D:1:      dpeg_arrival_rooms_b
D:2:      overflow_temple_1_default, minmay_tetromino_l2
D:3:      demons_altar, lemuel_coloured_pillars_altar,
          chequers_ecumenical_altar_island, uniq_terence, uniq_sigmund,
          uniq_natasha, uniq_grinder
D:4:      kennysheep_mini, gammafunk_temple_overflow_forgotten,
          minmay_temple_entry_nine_rooms, first_ration, trog_wizard, uniq_robin
Temple:   dpeg_chambers_temple

Skill      XL: |  1  2  3  4  5  6  7 |
---------------+----------------------+-----
Spellcasting   | 3 4 |  4.6
Hexes          | 4 5 |  5.3
Stealth        | 8 10 11 | 11.7
Short Blades   | |  1.1
Dodging        | |  3.0

Action                   |  1- 3 |  4- 6 |  7- 9 || total
-------------------------+-------+-------+-------++-------
Melee: Dagger            |   151 |   173 |    78 ||   402
 Cast: Corona            |     2 |       |     1 ||     3
       Ensorcelled Hiber |    21 |    27 |    12 ||    60
       Confuse           |       |    13 |     4 ||    17
       Tukima's Dance    |       |     1 |       ||     1
  Use: Scroll            |     5 |     2 |     4 ||    11
       Potion            |     1 |       |       ||     1
 Stab: Sleeping          |    28 |    20 |     8 ||    56
       Confused          |       |     9 |       ||     9
       Distracted        |       |     1 |       ||     1
  Eat: Ration            |       |     3 |     1 ||     4
Armor: Robe              |    24 |    15 |     6 ||    45
Dodge: Dodged            |   145 |   116 |    47 ||   308

Table legend:
 A = Non-vault XP
 B = Vault XP
 C = Vault XP percentage of total XP
 D = Non-vault monster count
 E = Vault monster count
 F = Vault count percentage of total count
                 A         B        C        D         E       F
            +---------+---------+-------+---------+---------+-------
      Total |     454 |     686 |  60.2 |      99 |      17 |  14.7
            +---------+---------+-------+---------+---------+-------
        D:1 |      32 |       0 |   0.0 |      24 |       0 |   0.0
        D:2 |     138 |       2 |   1.4 |      36 |       1 |   2.7
        D:3 |     109 |     668 |  86.0 |      26 |       7 |  21.2
        D:4 |     175 |      16 |   8.4 |      13 |       9 |  40.9
            +---------+---------+-------+---------+---------+-------
